 Dungeon Crawl Stone Soup version 0.22-a0-300-g82e80c5 (webtiles) character file.

10018 MatthieuS the Grappler (level 11, -6/87 HPs)
             Began as a Human Wanderer on Mar 25, 2018.
             Was a Believer of Ashenzari.
             Killed from afar by a starcursed mass (14 damage)
             ... with an accursed screaming
             ... on level 2 of the Abyss.
             The game lasted 00:28:20 (12390 turns).

MatthieuS the Grappler (Human Wanderer)            Turns: 12390, Time: 00:28:21

Health: -6/87      AC: 20    Str: 22    XL:     11   Next: 85%
Magic:  14/14      EV: 10    Int: 12    God:    Ashenzari [**....]
Gold:   508        SH:  0    Dex: 11    Spells: 10/10 levels left

rFire    . . .     SeeInvis +     - Unarmed
rCold    . . .     Gourm    .   (no shield)
rNeg     . . .     Faith    .   r - +0 plate armour
rPois    .         Spirit   .   G - +0 helmet
rElec    .         Reflect  .   (no cloak)
rCorr    .         Harm     .   j - +2 pair of gloves (curse)
MR       .....                  q - +0 pair of boots (curse)
Stlth    ..........             (no amulet)
HPRegen  0.24/turn              a - +4 ring of strength
MPRegen  0.14/turn              z - ring of see invisible

@: about to teleport
A: no striking features
a: Curse Item, Scrying, Renounce Religion


You were on level 2 of the Abyss.
You worshipped Ashenzari.
Ashenzari was pleased with you.
You were not hungry.

You visited 1 branch of the dungeon, and saw 10 of its levels.
You visited the Abyss 1 time.
You also visited: Ossuary.

You collected 508 gold pieces.

Inventory:

Missiles
 n - 5 curare-tipped needles {!f}
 t - a throwing net {!f}
 F - 7 javelins of penetration (quivered)
Armour
 j - a cursed +2 pair of gloves (worn)
   (You found it on level 5 of the Dungeon)
 q - a cursed +0 pair of boots (worn)
   (You found it on level 4 of the Dungeon)
 r - a +0 plate armour (worn)
   (You found it on level 4 of the Dungeon)
 G - a +0 helmet (worn)
   (You took it off Robin on level 2 of the Dungeon)
Jewellery
 a - a +4 ring of strength (left hand)
   (You found it on level 4 of the Dungeon)
 c - an uncursed ring of positive energy
   (You found it on level 2 of the Dungeon)
 z - a ring of see invisible (right hand)
   (You found it on level 3 of the Dungeon)
 K - an uncursed ring of stealth
   (You took it off an orc on level 9 of the Dungeon)
Wands
 p - a wand of digging (9)
   (You found it on level 9 of the Dungeon)
 u - a wand of paralysis (7)
   (You found it on level 9 of the Dungeon)
Scrolls
 f - 4 scrolls of teleportation {@r4}
 g - 2 scrolls of magic mapping
 k - 5 scrolls of fear
 s - a scroll of immolation {!r}
 v - 2 scrolls of enchant weapon
 y - 3 scrolls of silence
 C - 2 scrolls of amnesia {unknown}
 D - a scroll of enchant armour {unknown}
 E - a scroll of remove curse {@r2}
Potions
 b - a potion of cancellation
 h - 3 potions of curing {@q1}
 i - 3 potions of might
 l - a potion of berserk rage
 m - 2 potions of ambrosia
 o - 4 potions of brilliance
 w - 3 potions of mutation {!q}
 x - a potion of agility
 A - a potion of magic {unknown}
 B - 2 potions of invisibility
 J - a potion of experience {unknown}
Comestibles
 d - 3 chunks of flesh
 e - 23 rations


   Skills:
 + Level 8.4 Fighting
 - Level 1.0 Throwing
 + Level 9.3 Armour
 + Level 7.7 Dodging
 * Level 10.9 Unarmed Combat
 + Level 4.2 Evocations


You had 10 spell levels left.
You didn't know any spells.

Dungeon Overview and Level Annotations

Branches:
Dungeon (10/15)            Temple (0/1) D:4
   Lair: D:8-11         Orc: D:9-12

Altars:
Ashenzari
Elyvilon
Gozag

Shops:
D:9 }

Annotations:
D:3 spacecaptainspiff's ghost, amateur DsAK
D:10 Erolcha


Message History

The hell hound is unaffected.
The hell hound is unaffected.
The hell hound is unaffected.
The hell hound is unaffected.
The starspawn tentacle segment is unaffected.
The starspawn tentacle is unaffected.
The starcursed mass is unaffected.
The starspawn tentacle segment is unaffected.
The starcursed mass is unaffected.
The starspawn tentacle segment is unaffected.
The starspawn tentacle segment is unaffected.
The starspawn tentacle segment is unaffected.
The starspawn tentacle segment is unaffected.
The starcursed mass is unaffected.
The starcursed mass is unaffected.
The starspawn tentacle segment is unaffected.
The starspawn tentacle segment is unaffected.
The starspawn tentacle segment is unaffected.
The starcursed mass is unaffected.
The starcursed mass is unaffected.
The large abomination completely misses you.
A deafening chorus of shrieks assaults your mind!
* * * LOW HITPOINT WARNING * * *
The starspawn tentacle grabs you. The starspawn tentacle constricts you.
The starspawn tentacle loses its grip on you.
The tentacle pulls you backwards! The tentacled starspawn bites you!
* * * LOW HITPOINT WARNING * * *
The tentacled starspawn engulfs you.
* * * LOW HITPOINT WARNING * * *
The large abomination hits you but does no damage.
You feel much better.
A starcursed mass splits.
The starspawn tentacle grabs you. The starspawn tentacle constricts you.
The starspawn tentacle loses its grip on you.
The tentacle pulls you backwards!
A starcursed mass splits.
A cacophony of accursed wailing tears at your sanity!
* * * LOW HITPOINT WARNING * * *
You suddenly lose the ability to move!
A cacophony of accursed wailing tears at your sanity!
* * * LOW HITPOINT WARNING * * *
You shrug off the repeated paralysis!
The starcursed mass engulfs you but does no damage.
You can move again.
A deafening chorus of shrieks assaults your mind!
* * * LOW HITPOINT WARNING * * *
The starcursed mass engulfs you but does no damage.
A tentacle flies out from the starspawn's body!
Found 16 gold pieces.
A starspawn tentacle comes into view.
A cacophony of accursed wailing tears at your sanity!
You die...

, , ,, , * * ,#.
...... , , .. #..#.
.# .##..#...##. , .,
..... ..... * .#..
......?.. ,
,,....##..#...# , *
#..##..#..###. * ,,
*,.#...h.@....... ,
.####.....XXX#.....
*
...#.#..##.w#.....$
*
*...#...h##.X#X.....
, *
#...hh..hXX...#.. ,
* ###.,....XX..!# .
##.#...##XX#...# ,,
≈ * *
.#....##..##.... ≈ *
. , #..#. .....
.....


You could see 9 starcursed masses, a tentacled starspawn, a large abomination, 2
hell hounds and a starspawn tentacle.

Vanquished Creatures
  A hydra (D:9)
  3 two-headed ogres
  Pikel (D:6)
  An ugly thing (D:9)
  A demonic crawler (Abyss:2)
  2 dream sheep (D:9)
  A hippogriff (D:9)
  Sigmund (D:2)
  6 yaks (D:9)
  A wraith (Abyss:2)
  3 sky beasts
  5 ogres
  7 orc warriors
  A phantom (D:8)
  2 centaurs (D:6)
  3 big kobolds (D:9)
  5 bullfrogs
  A gnoll sergeant (D:5)
  5 scorpions
  A water moccasin skeleton (D:7)
  A wyvern skeleton (D:7)
  An electric eel (D:10)
  7 crimson imps
  5 jellies
  A bullfrog zombie (D:10)
  A hound (D:4)
  17 orc wizards
  14 orc priests
  An iguana (D:9)
  Terence (D:3)
  5 worker ants
  A killer bee zombie (D:6)
  3 big kobold zombies (Ossuary)
  A hound skeleton (D:8)
  2 mummies (Ossuary)
  Robin (D:2)
  8 gnolls
  11 adders
  2 shadow imps
  8 oozes
  7 adder zombies
  2 worms
  2 dart slugs (D:4)
  6 leopard geckos
  44 orcs
  3 ball pythons
  10 bats
  8 giant cockroaches
  3 gnoll zombies (Ossuary)
  15 goblins
  6 hobgoblins
  10 jackals
  10 quokkas
  4 frilled lizards
  7 hobgoblin zombies (Ossuary)
  14 kobolds
  5 kobold zombies (Ossuary)
  A leopard gecko zombie (D:6)
  5 orc zombies (Ossuary)
  2 quokka zombies
  10 rats
316 creatures vanquished.

Vanquished Creatures (others)
  An orc wizard (D:8)
  An adder skeleton (D:7)
  An orc (D:10)
  5 fungi
  3 starspawn tentacles (Abyss:2)
  11 toadstools (D:2)
22 creatures vanquished.

Grand Total: 338 creatures vanquished

Notes
Turn   | Place    | Note
-------+----------+-------------------------------------------
     0 | D:1      | MatthieuS the Human Wanderer began the quest for the Orb.
     0 | D:1      | MatthieuS set off with: a +2 scale mail, a +0 hand axe, a potion of lignification {!q}, a ration
     0 | D:1      | Reached XP level 1. HP: 18/18 MP: 1/1
   104 | D:1      | Reached XP level 2. HP: 18/24 MP: 2/2
   115 | D:1      | Reached skill level 1 in Unarmed Combat
   411 | D:1      | Reached XP level 3. HP: 22/29 MP: 3/3
   680 | D:2      | Noticed an ogre
   768 | D:2      | Reached skill level 1 in Dodging
   789 | D:2      | Killed an ogre
   789 | D:2      | Reached skill level 2 in Unarmed Combat
   789 | D:2      | Reached XP level 4. HP: 28/36 MP: 3/5
   789 | D:2      | Reached XP level 5. HP: 32/41 MP: 3/6
   933 | D:2      | Noticed Robin
  1172 | D:2      | Killed Robin
  1383 | D:2      | Noticed Sigmund
  1391 | D:2      | Killed Sigmund
  1391 | D:2      | Reached skill level 3 in Unarmed Combat
  1391 | D:2      | Reached XP level 6. HP: 38/48 MP: 7/7
  1706 | D:2      | Reached XP level 7. HP: 23/54 MP: 8/8
  1911 | D:2      | Reached skill level 4 in Unarmed Combat
  2465 | D:3      | Found a shattered altar of Ashenzari.
  2470 | D:3      | Saw a vision of the Swamp and the Snake Pit.
  2470 | D:3      | Noticed a mana viper
  2470 | D:3      | Noticed a salamander
  2470 | D:3      | Noticed a black mamba
  2470 | D:3      | Noticed a mana viper
  2470 | D:3      | Noticed a naga mage
  2470 | D:3      | Noticed a naga mage
  2470 | D:3      | Noticed a naga
  2470 | D:3      | Noticed a naga ritualist
  2470 | D:3      | Noticed a naga
  2470 | D:3      | Noticed a water moccasin
  2470 | D:3      | Noticed an alligator
  2470 | D:3      | Noticed an alligator
  2470 | D:3      | Noticed a water moccasin
  2470 | D:3      | Noticed spacecaptainspiff's ghost (amateur DsAK)
  2471 | D:3      | Noticed a naga
  2471 | D:3      | Noticed a water moccasin
  2471 | D:3      | Noticed a hornet
  2477 | D:3      | Became a worshipper of Ashenzari the Shackled
  2864 | D:3      | Noticed Terence
  2881 | D:3      | Killed Terence
  3359 | D:4      | HP: 2/55 [orc/mace (8)]
  3819 | D:4      | Reached XP level 8. HP: 58/61 MP: 9/9
  3823 | D:4      | Reached skill level 5 in Unarmed Combat
  3867 | D:4      | Found a staircase to the Ecumenical Temple.
  4484 | D:5      | Entered Level 5 of the Dungeon
  4624 | D:5      | Reached skill level 5 in Fighting
  4720 | D:5      | Noticed a two-headed ogre
  4737 | D:5      | Killed a two-headed ogre
  4737 | D:5      | Reached skill level 6 in Unarmed Combat
  4737 | D:5      | Reached XP level 9. HP: 48/69 MP: 10/10
  4756 | D:5      | Reached skill level 7 in Unarmed Combat
  5323 | D:6      | Reached skill level 5 in Dodging
  5740 | D:6      | Reached * piety under Ashenzari
  6206 | D:6      | Reached skill level 8 in Unarmed Combat
  6366 | D:6      | Reached XP level 10. HP: 54/77 MP: 11/11
  6855 | D:7      | Noticed Pikel
  6891 | D:6      | Killed Pikel
  7595 | D:7      | Reached skill level 9 in Unarmed Combat
  7738 | D:8      | Found a sand-covered staircase.
  7747 | Ossuary  | Entered an ossuary
  8012 | D:8      | Noticed a two-headed ogre
  8284 | D:8      | Killed a two-headed ogre
  8490 | D:8      | Reached ** piety under Ashenzari
  8731 | D:9      | Found an opulent altar of Gozag.
  8764 | D:9      | Found a white marble altar of Elyvilon.
  8816 | D:9      | Reached XP level 11. HP: 40/84 MP: 12/12
  9406 | D:9      | Found Atopan's Gadget Shoppe.
  9514 | D:9      | Noticed a two-headed ogre
  9519 | D:9      | Killed a two-headed ogre
  9519 | D:9      | Reached skill level 10 in Unarmed Combat
  9990 | D:9      | Noticed a three-headed hydra
  9997 | D:9      | Killed a three-headed hydra
 10306 | D:10     | Entered Level 10 of the Dungeon
 11204 | D:10     | Noticed a purple ugly thing
 11216 | D:10     | Noticed Erolcha
 11233 | D:9      | Killed a purple ugly thing
 12275 | D:10     | Cast into level 2 of the Abyss (Erolcha)
 12280 | Abyss:2  | Found a hide-covered altar of Uskayaw.
 12359 | Abyss:2  | Noticed a tentacled starspawn
 12372 | Abyss:2  | Noticed a large abomination
 12378 | Abyss:2  | Noticed a starcursed mass
 12386 | Abyss:2  | Paralysed by accursed screaming for 2 turns
 12390 | Abyss:2  | Killed from afar by a starcursed mass

Vault maps used:
D:1:      lemuel_arrival_rhombus, minivault_19
D:2:      cheibrodos_fertilizer, uniq_sigmund, uniq_robin
D:3:      first_ration, dk_noncrumbling_4, grunt_decor_fettered,
          grunt_ashenzari_visionary, uniq_terence
D:4:      minmay_temple_entry_statues
D:5:      cheibrodos_fzero, kennysheep_generic_room_14
D:7:      uniq_pikel
D:8:      chequers_ossuary_entry_cave
D:9:      grunt_gozag_breadcrumbs, serial_shops, kennysheep_mini_moat,
          hangedman_ranch, elyvilon_altar_1
D:10:     lair_entry_dummy, erik_orc_2, fungi_pond_lemuel, uniq_erolcha,
          uniq_maurice, uniq_grum
Ossuary:  ossuary_tomb_2

Skill      XL: |  1  2  3  4  5  6  7  8  9 10 11 |
---------------+----------------------------------+-----
Unarmed Combat | 1 2 3 4 6 8 9 10 | 10.9
Dodging        | 1 2 3 4 5 6 7 |  7.7
Fighting       | 4 5 6 7 8 |  8.4
Armour         | 6 7 8 9 |  9.3
Evocations     | 2 4 |  4.2
Throwing       | |  1.0

Action                   |  1- 3 |  4- 6 |  7- 9 | 10-12 || total
-------------------------+-------+-------+-------+-------++-------
Melee: Unarmed           |   231 |   158 |   585 |   647 ||  1621
       Punch             |       |     1 |     9 |    23 ||    33
Throw: Throwing net      |       |       |     1 |     2 ||     3
       Javelin           |       |       |       |     3 ||     3
Invok: Curse Item        |       |       |     1 |     1 ||     2
Evoke: Wand              |     5 |     7 |       |    12 ||    24
  Use: Scroll            |     5 |     1 |     5 |     6 ||    17
       Potion            |     2 |     3 |    12 |     6 ||    23
 Stab: Paralysed         |    13 |    15 |       |     1 ||    29
       Invisible         |     2 |       |       |       ||     2
  Eat: Chunk             |       |     3 |    15 |    14 ||    32
       Ration            |       |       |       |     2 ||     2
Armor: Scale mail        |   136 |    85 |   147 |       ||   368
       Skin              |       |     2 |       |       ||     2
       Plate armour      |       |       |   175 |   448 ||   623
Dodge: Dodged            |   122 |    95 |   334 |   273 ||   824

Table legend:
 A = Spawn XP
 B = Non-spawn XP
 C = Spawn XP percentage of total XP
 D = Spawn monster count
 E = Non-spawn monster count
 F = Spawn count percentage of total count
 G = Total turns spent on level
                    A         B        C        D         E        F      G
               +---------+---------+-------+---------+---------+-------+---------
         Total |       0 |   14312 |   0.0 |       0 |     317 |   0.0 | 12390
               +---------+---------+-------+---------+---------+-------+---------
           D:1 |       0 |      48 |   0.0 |       0 |      26 |   0.0 |   820
           D:2 |       0 |     557 |   0.0 |       0 |      49 |   0.0 |  1481
           D:3 |       0 |      95 |   0.0 |       0 |      14 |   0.0 |   821
           D:4 |       0 |     612 |   0.0 |       0 |      34 |   0.0 |  1362
           D:5 |       0 |    1480 |   0.0 |       0 |      29 |   0.0 |   832
           D:6 |       0 |    2010 |   0.0 |       0 |      32 |   0.0 |  1680
           D:7 |       0 |     623 |   0.0 |       0 |      13 |   0.0 |   715
           D:8 |       0 |    1444 |   0.0 |       0 |      18 |   0.0 |   797
           D:9 |       0 |    6419 |   0.0 |       0 |      59 |   0.0 |  3455
          D:10 |       0 |     324 |   0.0 |       0 |      10 |   0.0 |   111
       Abyss:2 |       0 |     530 |   0.0 |       0 |       2 |   0.0 |   115
       Ossuary |       0 |     170 |   0.0 |       0 |      31 |   0.0 |   201
               +---------+---------+-------+---------+---------+-------+---------
